omghax, neutral male scurrid Tourist --- |@| ...l. ......... ............. -........'....... .................!. ---.|.|.|.|..........t ---------............. ..........h.... ..........?..... .................. .................`.. Y..................... ....................... ......................... .|.|.|.|.|.|.|.|.|.|!|.|.| -------------------------- omghax the Rambler Experience level: 1 Strength: 14 Dexterity: 11 Constitution: 14 Intelligence: 16 Wisdom: 7 Charisma: 13 Health: 0(9) Energy: 2(2) Def: 0 Gold: 551 Moves: 55 Dungeon seed: l5sZ1192XalRnobs Game ID: omghax_1498611675 Your Inventory: Coins $ - 551 gold pieces Weapons a - 35 uncursed +2 darts (in quiver) Armor e - an uncursed +0 Hawaiian shirt (being worn) Comestibles b - an uncursed sprig of wolfsbane c - an uncursed tin of newt meat d - an uncursed egg f - an uncursed cream pie g - 4 uncursed food rations h - an uncursed tin of spinach i - 2 uncursed tripe rations Scrolls l - 4 uncursed scrolls of magic mapping q - an uncursed scroll of water Potions j - an uncursed potion of extra healing k - a blessed potion of extra healing Wands o - an uncursed wand of secret door detection (0:11) Tools m - an uncursed expensive camera (0:59) n - an uncursed credit card p - an uncursed towel Spells and supernatural/magical abilities: Name Level Category Fail Memory W - pray for help -- divine ? -- Your skills at the end: Miscellaneous Skills wands [Basic] Weapon Skills dart [Basic] Spellcasting Skills Final Attributes: You were devoutly aligned. You had infravision. You were very stealthy. You are dead. Vanquished creatures: a giant rat Voluntary challenges: You went without food. You did not adorn yourself with jewelry or accessories. You did not cause conflict. You were not invisible. You did not have reflection. You were not displaced. You were an atheist. You never hit with a wielded weapon. You were a pacifist. You did not use tools. You did not use plumbed fixtures. You did not drink any magical draughts. You were illiterate. You never genocided any monsters. You never polymorphed an object. You never changed form. You used no wishes. You never split a pudding. You never wrote Elbereth's name. You never violated your personal moral code. Dungeon overview: The Dungeons of Doom: levels 1 to 14 Level 1 a long staircase Level 2 Level 3 Level 4 Level 5 Level 6 Level 7 Level 8 Level 9 Level 10 Level 11 Level 12 a fountain Level 13 Level 14 <- You were here History has recorded: On T:1 you entered the Dungeons of Doom to retrieve the Amulet of Yendor! On T:26 you reached level 2 of The Dungeons of Doom. On T:28 you reached level 3 of The Dungeons of Doom. On T:31 you reached level 4 of The Dungeons of Doom. On T:33 you reached level 5 of The Dungeons of Doom. On T:35 you reached level 6 of The Dungeons of Doom. On T:37 you reached level 7 of The Dungeons of Doom. On T:40 you reached level 8 of The Dungeons of Doom. On T:42 you reached level 9 of The Dungeons of Doom. On T:44 you reached level 10 of The Dungeons of Doom. On T:48 you reached level 11 of The Dungeons of Doom. On T:50 you reached level 12 of The Dungeons of Doom. On T:52 you reached level 13 of The Dungeons of Doom. On T:55 you reached level 14 of The Dungeons of Doom. Score breakdown: Gold: 0 ( 0 points) Experience: 1 level ( 0 points) Exploration: 14 levels ( 390 points) Discoveries: 1 item ( 50 points) Variety of kills: 1 monster ( 50 points) Major goal: (nothing yet) ( 0 points) Survival: died (score multiplied by 3) Total score: 1470 Latest messages: You dig a hole through the floor. You fall through... You receive a faint telepathic message from Twoflower: Your help is urgently needed at Ankh-Morpork! Look for a ...ic transporter. You couldn't quite make out that last message. You start digging downward. You continue digging downward. You dig a pit in the floor. You continue digging downward. You dig a hole through the floor. You fall through... q - a scroll labeled ETAOIN SHRDLU. You start digging downward. You continue digging downward. You dig a pit in the floor. You continue digging downward. You dig a hole through the floor. You fall through... The crocodile bites! The crocodile claws you! You die... Final status: Aloha omghax the Tourist, killed by a crocodile... You died in The Dungeons of Doom on dungeon level 14 with 1470 points, and 551 pieces of gold, after 55 moves. You were level 1 with a maximum of 9 hit points when you died.